 Dungeon Crawl Stone Soup version 0.20-a0-926-g560771d (webtiles) character file.

1436 Rrauwl the Carver (level 8, -5/60 HPs)
             Began as a Barachi Berserker on Mar 28, 2017.
             Was an Elder of Trog.
             Slain by an orc warrior
             ... wielding a +0 glaive
              (7 damage)
             ... on level 6 of the Dungeon.
             The game lasted 00:19:01 (4498 turns).

Rrauwl the Carver (Barachi Berserker)               Turns: 4498, Time: 00:19:01

Health: -5/60      AC: 16    Str: 19    XL:     8   Next: 73%
Magic:  8/8        EV:  7    Int:  7    God:    Trog [****..]
Gold:   29         SH:  0    Dex: 14    Spells: 7/7 levels left

rFire    . . .     SeeInvis .   h - +1 triple sword (pain)
rCold    . . .     Gourm    .   (shield currently unavailable)
rNeg     . . .     Faith    .   g - +0 plate armour
rPois    .         Spirit   .   m - +1 helmet
rElec    .         Reflect  .   b - +2 cloak
rCorr    .         Harm     .   (no gloves)
MR       .....                  (no boots)
Stlth    ..........             (no amulet)
Regen    0.2/turn               (no ring)
MPRegen  0.2/turn               (no ring)

@: can't hop, slow
A: +LOS, swims, slowness 1, strong legs 1
a: Hop, Berserk, Trog's Hand, Brothers in Arms, Burn Spellbooks, Renounce
Religion


You were on level 6 of the Dungeon.
You worshipped Trog.
Trog was greatly pleased with you.
You were not hungry.

You visited 2 branches of the dungeon, and saw 7 of its levels.

You collected 302 gold pieces.
You spent 273 gold pieces at shops.

Inventory:

Hand Weapons
 d - a +2 arbalest of freezing
 h - a +1 triple sword of pain (weapon)
Armour
 b - a +2 cloak (worn)
 g - a +0 plate armour (worn)
 m - a +1 helmet (worn)
Wands
 f - a wand of disintegration (17/24)
Scrolls
 j - 5 scrolls of teleportation
 k - 3 scrolls of identify
 o - a scroll of enchant armour
Potions
 e - a potion of curing
 l - a potion of haste
 n - a potion of resistance
Books
 p - a book of Burglary

   Spells                             Type                      Level
   a - Swiftness                      Charms/Air                   2
   b - Passwall                       Transmutation/Earth          2
   c - Passage of Golubria            Translocation                4
   d - Lee's Rapid Deconstruction     Earth                        5
   e - Darkness                       Hexes                        6
   f - Invisibility                   Hexes                        6
   Trog disapproves of the use of such an item.
Comestibles
 a - 5 chunks of flesh
 c - 5 bread rations
 i - 2 royal jellies
 q - 2 fruits


   Skills:
 + Level 4.3 Fighting
 + Level 11.6 Long Blades
 - Level 3.0 Armour
 - Level 3.0 Dodging
   Level 3.0 Shields
 + Level 1.0 Evocations


You had 7 spell levels left.
You didn't know any spells.

Dungeon Overview and Level Annotations

Branches:
Dungeon (6/15)             Temple (1/1) D:4

Altars:
Ashenzari
Cheibriados
Dithmenos
Elyvilon
Fedhas
Gozag
Hepliaklqana
Kikubaaqudgha
Makhleb
Nemelex Xobeh
Okawaru
Sif Muna
Trog
Uskayaw
Vehumet
Wu Jian
Xom

Shops:
D:6 (


Innate Abilities, Weirdness & Mutations

Shadows flee at your approach. (+LOS)
You can swim through water.
You cover ground slowly.
You can hop short distances.


Message History

Trog accepts your kill.
Your Evocations skill increases to level 1!
The orc warrior hits you from afar with a glaive!
The orc warrior barely misses you.
You riposte.
You slash the orc warrior!
The orc warrior is moderately wounded.
You hit the orc warrior.
The orc warrior is heavily wounded.
The orc warrior hits you but does no damage.
You hit the orc warrior but do no damage.
The orc warrior is heavily wounded.
The orc warrior hits you with a glaive.
* * * LOW HITPOINT WARNING * * *
You hit the orc warrior.
The orc warrior is severely wounded.
The orc warrior hits you with a glaive!
* * * LOW HITPOINT WARNING * * *
You hit the orc warrior.
The orc warrior is severely wounded.
The orc warrior hits you with a glaive!
You die...

..........# #.# ##...#
..........## #.###.....#
...........# #........#
....## #........#
#....### #........#
###..).###
######.......# ##...o.##
#....#.......#
###...O####..)..#......#
##.....##..@#........#
###.....##o.........#
##.......#........# ##
##....####.......# ###.
#..### #.......####...
..## #..####...#....
..## #...# ####..... ..#
....## ##..... ..# .....
##......


You could see an orc warrior.

Vanquished Creatures
  The ghost of Rrauwl the Bolt Thrower, a novice BaAM (D:5)
  The ghost of Rrauwl the Slasher, an amateur BaMo of Lugonu (D:4)
  Menkaure (D:4)
  2 ogres
  A necrophage (D:5)
  A phantom (D:4)
  A scorpion (D:5)
  2 howler monkeys (D:4)
  2 hounds
  A bullfrog skeleton (D:5)
  A jelly (D:5)
  Crazy Yiuf (D:2)
  A worker ant (D:4)
  Natasha (twice) (D:3)
  A hound skeleton (D:4)
  Robin (D:2)
  4 adders
  2 shadow imps
  An ooze (D:1)
  An adder skeleton (D:5)
  7 worms
  3 leopard geckos
  4 orcs
  4 ball pythons
  4 bats
  3 giant cockroaches
  13 hobgoblins
  4 jackals (D:4)
  11 kobolds
  2 quokkas
  3 frilled lizards
  18 goblins
  A jackal skeleton (D:4)
  A leopard gecko zombie (D:5)
  A quokka skeleton (D:4)
  5 rats
112 creatures vanquished.

Notes
Turn   | Place    | Note
-------+----------+-------------------------------------------
     0 | D:1      | Rrauwl the Barachi Berserker began the quest for the Orb.
     0 | D:1      | Reached XP level 1. HP: 18/18 MP: 1/1
   124 | D:1      | Reached XP level 2. HP: 16/25 MP: 2/2
   521 | D:1      | Reached XP level 3. HP: 30/30 MP: 3/3
   602 | D:1      | Reached ** piety under Trog
   715 | D:1      | Reached skill level 4 in Long Blades
  1150 | D:2      | Noticed Robin
  1173 | D:2      | Reached XP level 4. HP: 37/37 MP: 4/4
  1191 | D:2      | Killed Robin
  1191 | D:2      | Reached skill level 1 in Shields
  1716 | D:2      | Found a runed door.
  1948 | D:2      | Noticed Crazy Yiuf
  1951 | D:2      | Killed Crazy Yiuf
  1951 | D:2      | Reached skill level 5 in Long Blades
  1951 | D:2      | Reached XP level 5. HP: 42/42 MP: 0/5
  2189 | D:3      | Noticed Natasha
  2198 | D:3      | Killed Natasha
  2768 | D:3      | Noticed Natasha
  2777 | D:3      | Reached *** piety under Trog
  2787 | D:3      | Killed Natasha
  3026 | D:4      | Found an iron altar of Okawaru.
  3026 | D:4      | Found a radiant altar of Vehumet.
  3026 | D:4      | Found a hazy altar of Hepliaklqana.
  3042 | D:4      | Noticed an ogre
  3049 | D:4      | Reached skill level 6 in Long Blades
  3049 | D:4      | Reached XP level 6. HP: 48/48 MP: 6/6
  3060 | D:4      | Noticed a phantom
  3109 | D:4      | Killed a phantom
  3109 | D:4      | Reached skill level 7 in Long Blades
  3152 | D:4      | Found a staircase to the Ecumenical Temple.
  3153 | D:4      | Noticed Rrauwl's ghost (amateur BaMo)
  3163 | D:4      | Reached XP level 7. HP: 54/54 MP: 7/7
  3177 | D:4      | Killed Rrauwl's ghost
  3177 | D:4      | Reached skill level 8 in Long Blades
  3194 | D:4      | Noticed Menkaure
  3216 | D:4      | Killed Menkaure
  3216 | D:4      | Reached skill level 9 in Long Blades
  3227 | Temple   | Entered the Ecumenical Temple
  3526 | D:4      | Found a blossoming altar of Fedhas.
  3535 | D:4      | Reached XP level 8. HP: 60/60 MP: 8/8
  3610 | D:4      | Found a shadowy altar of Dithmenos.
  3707 | D:5      | Entered Level 5 of the Dungeon
  3795 | D:5      | Reached skill level 10 in Long Blades
  4043 | D:5      | Noticed Rrauwl's ghost (novice BaAM)
  4054 | D:5      | Killed Rrauwl's ghost
  4054 | D:5      | Reached skill level 11 in Long Blades
  4243 | D:5      | Reached **** piety under Trog
  4394 | D:6      | Found Zesirpho's Antique Weapon Shoppe.
  4397 | D:6      | Bought a runed triple sword for 273 gold pieces
  4493 | D:6      | Reached skill level 1 in Evocations
  4497 | D:6      | HP: 1/60 [orc warrior/glaive (15)]
  4498 | D:6      | Slain by an orc warrior

Vault maps used:
D:1:      tarquinn_simple_flora_water_b
D:2:      minmay_misc_feat_plants, uniq_robin, uniq_crazy_yiuf_cottage
D:3:      kennysheep_the_goblin_king, grunt_ministairs_2,
          kennysheep_generic_room_4, uniq_natasha
D:4:      grunt_dithmenos_shadows, grunt_temple_overflow_open,
          kennysheep_little_box, minmay_temple_entry_statues_fountains,
          first_bread, uniq_menkaure
D:5:      wad_pebble_path, st_stairs_6
D:6:      grunt_temple_overflow_holy_war, serial_shops, kennysheep_mini, shop
Temple:   nicolae_temple_x_marks_the_god

Skill      XL: |  1  2  3  4  5  6  7  8 |
---------------+-------------------------+-----
Armour         | 3 |  3.0
Long Blades    | 4 5 6 7 9 11 | 11.6
Dodging        | 3 |  3.0
Fighting       | 4 |  4.3
Shields        | 2 3 |  3.0
Evocations     | 1 |  1.0

Action                   |  1- 3 |  4- 6 |  7- 9 || total
-------------------------+-------+-------+-------++-------
Melee: Falchion          |   107 |   201 |   135 ||   443
       Triple sword      |       |       |    14 ||    14
Invok: Berserk           |     2 |     5 |     2 ||     9
       Burn Spellbooks   |       |     1 |     1 ||     2
 Abil: Hop               |       |     1 |     1 ||     2
  Use: Potion            |     2 |     4 |     3 ||     9
       Scroll            |       |     6 |     3 ||     9
 Stab: Sleeping          |     1 |       |       ||     1
  Eat: Chunk             |     1 |     7 |     5 ||    13
       Meat ration       |     1 |       |       ||     1
       Royal jelly       |       |     1 |       ||     1
       Fruit             |       |       |     3 ||     3
Armor: Animal skin       |    18 |     2 |       ||    20
       Skin              |     5 |    15 |       ||    20
       Chain mail        |       |    61 |       ||    61
       Plate armour      |       |     1 |    45 ||    46
Dodge: Dodged            |    71 |    41 |    17 ||   129
Block: Shield            |    16 |    78 |    39 ||   133
       Rpst.: Falchion   |    27 |    11 |     4 ||    42
       Triple sword      |       |       |     3 ||     3
